| TOP OF THE 1ST |
|
Duluth-Superior Dukes batting - Pitching for Aberdeen Pheasants : RHP Josh Seymour
|
|
Pitching: RHP Josh Seymour
|
|
|
Batting: RHB Hector Cervantes
|
0-0: Called Strike 0-1: Swinging Strike 0-2: Ball 1-2: Fly out, F4 (Popup, 34D, EV 49.4 MPH)
|
|
Batting: RHB Scott Loucks
|
0-0: Foul Ball, location: 2F 0-1: Called Strike 0-2: Ball 1-2: Strikes out swinging
|
|
Batting: RHB Ricky Sheetz
|
0-0: Ball 1-0: Ball 2-0: Called Strike 2-1: Ball 3-1: Base on Balls
|
|
Batting: LHB Ralph Bryant
|
0-0: Ball 1-0: Foul Ball, location: 2F 1-1: Ball 2-1: Called Strike 2-2: Ground out 4-3 (Groundball, 4S, EV 86.3 MPH)
|
| Top of the 1st over - 0 runs, 0 hits, 0 errors, 1 left on base; Duluth-Superior 0 - Aberdeen 0 |
| BOTTOM OF THE 1ST |
|
Aberdeen Pheasants batting - Pitching for Duluth-Superior Dukes : LHP Kenneth Swank
|
|
Pitching: LHP Kenneth Swank
|
|
|
Batting: RHB Alejandro Luna
|
0-0: Fly out, F8 (Flyball, 8RM, EV 96.9 MPH)
|
|
Batting: SHB Stephen Moore
|
0-0: Foul Ball, location: 2F 0-1: Ball 1-1: Fly out, F8 (Flyball, 89M, EV 96.9 MPH)
|
|
Batting: LHB Bob Porter
|
0-0: Ball 1-0: Ball 2-0: Called Strike 2-1: Swinging Strike 2-2: Foul Ball, location: 2F 2-2: Foul Ball, location: 2F 2-2: Ball 3-2: Ground out 6-3 (Groundball, 6M, EV 104.4 MPH)
|
| Bottom of the 1st over - 0 runs, 0 hits, 0 errors, 0 left on base; Duluth-Superior 0 - Aberdeen 0 |
| TOP OF THE 2ND |
|
Duluth-Superior Dukes batting - Pitching for Aberdeen Pheasants : RHP Josh Seymour
|
|
Batting: RHB Pete Rice
|
0-0: Called Strike 0-1: Swinging Strike 0-2: Strikes out looking
|
|
Batting: SHB Garry Humpston
|
0-0: Called Strike 0-1: SOLO HOME RUN (Flyball, 9D, EV 102.5 MPH), Distance : 356 ft
|
|
Batting: RHB Gary Hinson
|
0-0: Ground out 5-3 (Groundball, 56S, EV 69.4 MPH)
|
|
Batting: RHB Cecil Whitehead
|
0-0: Foul Ball, location: 2F 0-1: Ball 1-1: Ball 2-1: Swinging Strike 2-2: Foul Ball, location: 2F 2-2: Foul Ball, location: 2F 2-2: Ball 3-2: Ground out 6-3 (Groundball, 6, EV 102.5 MPH)
|
| Top of the 2nd over - 1 run, 1 hit, 0 errors, 0 left on base; Duluth-Superior 1 - Aberdeen 0 |
| BOTTOM OF THE 2ND |
|
Aberdeen Pheasants batting - Pitching for Duluth-Superior Dukes : LHP Kenneth Swank
|
|
Batting: LHB Sergio Leija
|
0-0: Fly out, F6 (Popup, 56, EV 67.5 MPH)
|
|
Batting: RHB Greg Howe
|
0-0: Ball 1-0: Ball 2-0: Called Strike 2-1: Foul Ball, location: 2F 2-2: Foul Ball, location: 2F 2-2: Ball 3-2: DOUBLE (Flyball, 78XD, EV 111.3 MPH)
|
|
Batting: RHB Mike R Fitzgerald
|
0-0: Called Strike 0-1: Ball 1-1: Called Strike 1-2: Ball 2-2: Ball 3-2: Fly out, F9 (Flyball, 89D, EV 95.0 MPH) Runner from 2nd tags up, SAFE at 3rd, no throw by RF
|
|
Batting: LHB Robert McNair
|
0-0: Swinging Strike 0-1: Ball 1-1: SINGLE (Flyball, 56D, EV 95.0 MPH) Greg Howe scores
|
|
Batting: RHB Armando Ramirez
|
0-0: Ball 1-0: Called Strike 1-1: Foul Ball, location: 2F 1-2: Strikes out looking
|
| Bottom of the 2nd over - 1 run, 2 hits, 0 errors, 1 left on base; Duluth-Superior 1 - Aberdeen 1 |
| TOP OF THE 3RD |
|
Duluth-Superior Dukes batting - Pitching for Aberdeen Pheasants : RHP Josh Seymour
|
|
Batting: RHB Everette Smith
|
0-0: SINGLE (Groundball, 56, EV 98.8 MPH)
|
|
Batting: RHB Hector Cervantes
|
0-0: Ball 1-0: Ball 2-0: Foul Ball, location: 2F 2-1: Fielders Choice at 2nd, 5-4 (Groundball, 56, EV 80.6 MPH)
|
|
Batting: RHB Scott Loucks
|
0-0: Ball 1-0: Ball 2-0: SINGLE (Line Drive, 78M, EV 93.1 MPH) Hector Cervantes to second
|
|
Batting: RHB Ricky Sheetz
|
0-0: Ball 1-0: Ball 2-0: Foul Ball, location: 2F 2-1: Foul Ball, location: 2F 2-2: Foul Ball, location: 2F 2-2: SINGLE (Groundball, 6D, EV 105.6 MPH) Hector Cervantes to third Scott Loucks to second Runner from 3rd tries for Home, SAFE, throw by LF to home
|
|
Batting: LHB Ralph Bryant
|
0-0: Called Strike Scott Loucks steals 3rd base Ricky Sheetz to second 0-1: Swinging Strike 0-2: Foul Ball, location: 2F 0-2: Ball 1-2: Foul Ball, location: 2F 1-2: Foul Ball, location: 2F 1-2: Strikes out swinging
|
|
Batting: RHB Pete Rice
|
0-0: Swinging Strike 0-1: Ball 1-1: Ball 2-1: Foul Ball, location: 2F 2-2: Foul Ball, location: 2F 2-2: Strikes out swinging
|
| Top of the 3rd over - 1 run, 3 hits, 0 errors, 2 left on base; Duluth-Superior 2 - Aberdeen 1 |
| BOTTOM OF THE 3RD |
|
Aberdeen Pheasants batting - Pitching for Duluth-Superior Dukes : LHP Kenneth Swank
|
|
Batting: RHB Mike Foote
|
0-0: Ground out 5-3 (Groundball, 5, EV 105.0 MPH)
|
|
Batting: RHB Alejandro Luna
|
0-0: Ball 1-0: Fly out, F6 (Flyball, 6D, EV 90.6 MPH)
|
|
Batting: SHB Stephen Moore
|
0-0: Ground out 4-3 (Groundball, 4, EV 103.1 MPH)
|
| Bottom of the 3rd over - 0 runs, 0 hits, 0 errors, 0 left on base; Duluth-Superior 2 - Aberdeen 1 |
| TOP OF THE 4TH |
|
Duluth-Superior Dukes batting - Pitching for Aberdeen Pheasants : RHP Josh Seymour
|
|
Batting: SHB Garry Humpston
|
0-0: Fly out, F7 (Flyball, 78XD, EV 99.4 MPH)
|
|
Batting: RHB Gary Hinson
|
0-0: Ball 1-0: Called Strike 1-1: Ground out 6-3 (Groundball, 6, EV 82.5 MPH)
|
|
Batting: RHB Cecil Whitehead
|
0-0: Fly out, F9 (Flyball, 89M, EV 97.5 MPH)
|
| Top of the 4th over - 0 runs, 0 hits, 0 errors, 0 left on base; Duluth-Superior 2 - Aberdeen 1 |
| BOTTOM OF THE 4TH |
|
Aberdeen Pheasants batting - Pitching for Duluth-Superior Dukes : LHP Kenneth Swank
|
|
Batting: LHB Bob Porter
|
0-0: Ball 1-0: Ball 2-0: Called Strike 2-1: Fly out, F9 (Flyball, 9S, EV 83.1 MPH)
|
|
Batting: LHB Sergio Leija
|
0-0: Ball 1-0: Foul Ball, location: 2F 1-1: Foul Ball, location: 2F 1-2: Foul Ball, location: 2F 1-2: Fly out, F7 (Flyball, 7S, EV 81.9 MPH)
|
|
Batting: RHB Greg Howe
|
0-0: Called Strike 0-1: Called Strike 0-2: Ball 1-2: TRIPLE (Groundball, 3L, EV 97.5 MPH)
|
|
Batting: RHB Mike R Fitzgerald
|
0-0: Called Strike 0-1: Ball 1-1: Ball 2-1: Ball 3-1: Called Strike 3-2: Base on Balls
|
|
Batting: LHB Robert McNair
|
0-0: Called Strike 0-1: Called Strike 0-2: Ball 1-2: Fly out, F8 (Flyball, 78M, EV 77.5 MPH)
|
| Bottom of the 4th over - 0 runs, 1 hit, 0 errors, 2 left on base; Duluth-Superior 2 - Aberdeen 1 |
| TOP OF THE 5TH |
|
Duluth-Superior Dukes batting - Pitching for Aberdeen Pheasants : RHP Josh Seymour
|
|
Batting: RHB Everette Smith
|
0-0: Ball 1-0: Called Strike 1-1: Foul Ball, location: 2F 1-2: Ball 2-2: Ball 3-2: Strikes out swinging
|
|
Batting: RHB Hector Cervantes
|
0-0: Ball 1-0: Foul Ball, location: 2F 1-1: Called Strike 1-2: Ball 2-2: Strikes out swinging
|
|
Batting: RHB Scott Loucks
|
0-0: Ball 1-0: Called Strike 1-1: Foul Ball, location: 2F 1-2: Strikes out swinging
|
| Top of the 5th over - 0 runs, 0 hits, 0 errors, 0 left on base; Duluth-Superior 2 - Aberdeen 1 |
| BOTTOM OF THE 5TH |
|
Aberdeen Pheasants batting - Pitching for Duluth-Superior Dukes : LHP Kenneth Swank
|
|
Batting: RHB Armando Ramirez
|
0-0: Ball 1-0: Called Strike 1-1: Fly out, F7 (Flyball, 7, EV 78.1 MPH)
|
|
Batting: RHB Mike Foote
|
0-0: Ball 1-0: Called Strike 1-1: Ball 2-1: Ball 3-1: Base on Balls
|
|
Batting: RHB Alejandro Luna
|
0-0: Ball 1-0: Fielders Choice at 2nd, 6-4 (Groundball, 6, EV 83.8 MPH)
|
|
Batting: SHB Stephen Moore
|
0-0: Called Strike 0-1: SINGLE (Groundball, 34D, EV 102.5 MPH) Alejandro Luna to second Runner from 2nd tries for 3rd, SAFE, no throw by RF
|
|
Batting: LHB Bob Porter
|
0-0: Ball 1-0: Foul Ball, location: 2F 1-1: Ball 2-1: Ball 3-1: SINGLE (Groundball, 15S, EV 69.4 MPH) (infield hit) Alejandro Luna scores Stephen Moore to second
|
|
Batting: LHB Sergio Leija
|
0-0: Called Strike 0-1: Ball 1-1: Called Strike 1-2: Ball 2-2: Ball 3-2: Base on Balls Stephen Moore to third Bob Porter to second
|
|
Batting: RHB Greg Howe
|
0-0: Called Strike 0-1: Ground out 3-1 (Groundball, 34S, EV 80.6 MPH)
|
| Bottom of the 5th over - 1 run, 2 hits, 0 errors, 3 left on base; Duluth-Superior 2 - Aberdeen 2 |
| TOP OF THE 6TH |
|
Duluth-Superior Dukes batting - Pitching for Aberdeen Pheasants : RHP Josh Seymour
|
|
Batting: RHB Ricky Sheetz
|
0-0: Called Strike 0-1: Foul Ball, location: 2F 0-2: Ball 1-2: Ball 2-2: Ball 3-2: Ground out 1-3 (Groundball, 13, EV 70.0 MPH)
|
|
Batting: LHB Ralph Bryant
|
0-0: Foul Ball, location: 2F 0-1: Ball 1-1: Foul Ball, location: 2F 1-2: Strikes out swinging
|
|
Batting: RHB Pete Rice
|
0-0: Called Strike 0-1: Ground out 5-3 (Groundball, 56S, EV 77.5 MPH)
|
| Top of the 6th over - 0 runs, 0 hits, 0 errors, 0 left on base; Duluth-Superior 2 - Aberdeen 2 |
| BOTTOM OF THE 6TH |
|
Aberdeen Pheasants batting - Pitching for Duluth-Superior Dukes : LHP Kenneth Swank
|
|
Batting: RHB Mike R Fitzgerald
|
0-0: Ball 1-0: Foul Ball, location: 2F 1-1: Ground out U3 (Groundball, 34, EV 86.9 MPH)
|
|
Batting: LHB Robert McNair
|
0-0: Ball 1-0: Ball 2-0: Ball 3-0: Base on Balls
|
|
Batting: RHB Armando Ramirez
|
0-0: Called Strike 0-1: Swinging Strike 0-2: Ball 1-2: Fly out, F7 (Flyball, 7, EV 93.1 MPH)
|
|
Batting: RHB Mike Foote
|
0-0: Ball 1-0: Called Strike 1-1: Foul Ball, location: 2F 1-2: Fly out, F5 (Flyball, 5D, EV 78.8 MPH)
|
| Bottom of the 6th over - 0 runs, 0 hits, 0 errors, 1 left on base; Duluth-Superior 2 - Aberdeen 2 |
| TOP OF THE 7TH |
|
Duluth-Superior Dukes batting - Pitching for Aberdeen Pheasants : RHP Josh Seymour
|
|
Batting: SHB Garry Humpston
|
0-0: Called Strike 0-1: Foul Ball, location: 2F 0-2: Foul Ball, location: 2F 0-2: Strikes out looking
|
|
Batting: RHB Gary Hinson
|
0-0: Fly out, F8 (Flyball, 8RD, EV 95.6 MPH)
|
|
Batting: RHB Cecil Whitehead
|
0-0: Ball 1-0: SINGLE (Groundball, 34D, EV 101.3 MPH)
|
|
Batting: RHB Everette Smith
|
0-0: Called Strike 0-1: Ball 1-1: Called Strike 1-2: Ball 2-2: Ball 3-2: SINGLE (Groundball, 56, EV 100.6 MPH) Cecil Whitehead to second Cecil Whitehead to third
|
|
Batting: RHB Hector Cervantes
|
0-0: Called Strike 0-1: Swinging Strike 0-2: Reached on error, E5 (Groundball, 56S, EV 84.4 MPH) Cecil Whitehead scores Everette Smith to third
|
|
Batting: RHB Scott Loucks
|
0-0: Ball 1-0: Foul Ball, location: 2F 1-1: Foul Ball, location: 2F 1-2: Ball 2-2: Strikes out swinging
|
| Top of the 7th over - 1 run, 2 hits, 1 error, 2 left on base; Duluth-Superior 3 - Aberdeen 2 |
| BOTTOM OF THE 7TH |
|
Aberdeen Pheasants batting - Pitching for Duluth-Superior Dukes : LHP Kenneth Swank
|
|
Batting: RHB Alejandro Luna
|
0-0: Ground out 6-3 (Groundball, 56, EV 78.8 MPH)
|
|
Batting: SHB Stephen Moore
|
0-0: Ball 1-0: Ball 2-0: Ball 3-0: Base on Balls
|
|
Batting: LHB Bob Porter
|
0-0: Fly out, F8 (Flyball, 8RD, EV 100.0 MPH)
|
|
Batting: LHB Sergio Leija
|
0-0: Ball 1-0: Ball 2-0: Fly out, F6 (Flyball, 6MD, EV 81.3 MPH)
|
| Bottom of the 7th over - 0 runs, 0 hits, 0 errors, 1 left on base; Duluth-Superior 3 - Aberdeen 2 |
| TOP OF THE 8TH |
|
Duluth-Superior Dukes batting - Pitching for Aberdeen Pheasants : RHP Josh Seymour
|
|
Batting: RHB Ricky Sheetz
|
0-0: Ball 1-0: SINGLE (Flyball, 8RS, EV 90.6 MPH)
|
|
Batting: LHB Ralph Bryant
|
0-0: Ball 1-0: Fielders Choice at 2nd, 4-6 (Groundball, 4, EV 87.5 MPH)
|
|
Batting: RHB Pete Rice
|
0-0: Called Strike Ralph Bryant is caught stealing 2nd base 2-4 0-1: Foul Ball, location: 2F 0-2: Strikes out swinging
|
| Top of the 8th over - 0 runs, 1 hit, 0 errors, 0 left on base; Duluth-Superior 3 - Aberdeen 2 |
| BOTTOM OF THE 8TH |
|
Aberdeen Pheasants batting - Pitching for Duluth-Superior Dukes : LHP Kenneth Swank
|
|
Now in CF: Leo Vargas
|
|
|
Batting: RHB Greg Howe
|
0-0: Swinging Strike 0-1: Ball 1-1: Foul Ball, location: 2F 1-2: Ball 2-2: Ball 3-2: Strikes out swinging
|
|
Batting: RHB Mike R Fitzgerald
|
0-0: Ball 1-0: Foul Ball, location: 2F 1-1: SINGLE (Line Drive, 4M, EV 96.3 MPH)
|
|
Batting: LHB Robert McNair
|
0-0: Ball 1-0: Foul Ball, location: 2F 1-1: Swinging Strike 1-2: Strikes out swinging
|
|
Pinch Hitting: RHB Thomas Masterson
|
0-0: Foul Ball, location: 2F 0-1: Ball 1-1: Foul Ball, location: 2F 1-2: Foul Ball, location: 2F 1-2: Ball 2-2: Ball 3-2: Base on Balls Mike R Fitzgerald to second
|
|
Pitching: RHP Kent Johnson
|
|
|
Batting: RHB Mike Foote
|
0-0: Ball 1-0: Swinging Strike 1-1: Ball 2-1: Fly out, F3 (Popup, 23F, EV 78.1 MPH)
|
| Bottom of the 8th over - 0 runs, 1 hit, 0 errors, 2 left on base; Duluth-Superior 3 - Aberdeen 2 |
| TOP OF THE 9TH |
|
Duluth-Superior Dukes batting - Pitching for Aberdeen Pheasants : RHP Josh Seymour
|
|
Pitching: LHP Juan Contreras
|
|
|
Now at 3B: Pedro Chavez
|
|
|
Batting: SHB Garry Humpston
|
0-0: Ground out 4-3 (Groundball, 13, EV 92.5 MPH)
|
|
Batting: RHB Gary Hinson
|
0-0: Ball 1-0: Foul Ball, location: 2F 1-1: Ball 2-1: Foul Ball, location: 2F 2-2: Fly out, F4 (Popup, 4, EV 72.5 MPH)
|
|
Batting: RHB Cecil Whitehead
|
0-0: Called Strike 0-1: Ball 1-1: Fly out, F5 (Flyball, 5D, EV 83.1 MPH)
|
| Top of the 9th over - 0 runs, 0 hits, 0 errors, 0 left on base; Duluth-Superior 3 - Aberdeen 2 |
| BOTTOM OF THE 9TH |
|
Aberdeen Pheasants batting - Pitching for Duluth-Superior Dukes : RHP Kent Johnson
|
|
Pinch Hitting: LHB Rick Leach
|
0-0: Fly out, F1 (Line Drive, P, EV 71.9 MPH)
|
|
Batting: SHB Stephen Moore
|
0-0: Ball 1-0: Called Strike 1-1: Called Strike 1-2: Ball 2-2: Foul Ball, location: 2F 2-2: Ball 3-2: Base on Balls
|
|
Batting: LHB Bob Porter
|
0-0: Ball 1-0: Called Strike 1-1: Called Strike 1-2: Foul Ball, location: 2F 1-2: Strikes out swinging
|
|
Batting: LHB Sergio Leija
|
0-0: Ground out 4-3 (Groundball, 4S, EV 88.8 MPH)
|
| Bottom of the 9th over - 0 runs, 0 hits, 0 errors, 1 left on base; Duluth-Superior 3 - Aberdeen 2 |
|